AoeStats
← Axel_93

Migration

509549454Analyzed
1v1 RM · 5d ago on Sep 27, 2026· 42m 45s· 2 players
Game mode
Random Map
Map size
132×132
Population
200
Speed
Normal
Resources
Standard
Victory
Conquest
Starting age
Dark Age
Ending age
Imperial Age
RankedLock teamsTeams togetherTeam positionsShared explorationLock speedFull tech treeHidden civsTurbo modeCheats
Victory
Defeat
🇦🇷 Armenians · Argentina
809
+18
🇲🇽 Japanese · Mexico
861
-18
Axel_93
12:13 Feudal Age
12:50 Double-Bit Axe
16:40 Castle Age
16:06 Gold Mining
16:44 Fletching
18:15 Medium Warships
19:03 Loom
19:50 Town Watch
22:40 Bodkin Arrow
23:56 Town Patrol
24:32 Wheelbarrow
28:32 Padded Archer Armor
31:22 Imperial Age
29:19 Bow Saw
29:44 Gold Shaft Mining
32:53 Heavy Warships
32:54 Crossbowman
34:52 Leather Archer Armor
36:42 Conscription
38:29 Bracer
39:25 Bloodlines
43:20 Husbandry
42:41 Light Cavalry
SaMgAmEpLaY
13:10 Feudal Age
13:48 Double-Bit Axe
19:25 Loom
21:41 Castle Age
20:17 Wheelbarrow
19:28 Town Watch
19:33 Loom
21:42 Stone Mining
25:14 Hand Cart
30:08 Bow Saw
31:04 Fletching
31:15 Scale Mail Armor
31:26 Forging
31:17 Padded Archer Armor
35:02 Horse Collar
37:55 Ballistics
37:17 Treadmill Crane
37:34 Murder Holes
42:15 Imperial Age
Connection lost

Rejoining the realm…

Still unreachable

The connection could not be restored.

Session expired

The server has moved on; the page needs a fresh start.